 Dungeon Crawl Stone Soup version 0.13.0-25-g43d4df3 (webtiles) character file.

97 MackTheKnife the Grave Robber (level 2, -7/19 HPs)
             Began as a Human Necromancer on Oct 29, 2013.
             Mangled by a gnoll
             ... wielding a +0,+0 flail
              (13 damage)
             ... on Level 1 of the Dungeon.
             The game lasted 00:02:21 (1415 turns).

MackTheKnife the Grave Robber (Human Necromancer)   Turns: 1415, Time: 00:02:21

HP  -7/19        AC  3     Str  8      XL: 2   Next: 80%
MP   3/4         EV 12     Int 15      God:
Gold 80          SH  0     Dex 13      Spells:  2 memorised,  2 levels left

Res.Fire  : . . .   See Invis. : .   j - +1,+2 dagger
Res.Cold  : . . .   Warding    : .   a - +0 robe
Life Prot.: . . .   Conserve   : .   (no shield)
Res.Poison: .       Res.Corr.  : .   (no helmet)
Res.Elec. : .       Clarity    : .   l - +0 cloak
Sust.Abil.: . .     Spirit.Shd : .   (no gloves)
Res.Mut.  : .       Stasis     : .   (no boots)
Res.Rott. : .       Flight     : .   (no amulet)
Saprovore : . . .                    (no ring)
                                     (no ring)

@: not resistant to hostile enchantments, fairly stealthy
A: no striking features
a: no special abilities


You were on level 1 of the Dungeon.
You were very hungry.

You visited 1 branch of the dungeon, and saw 2 of its levels.

You collected 60 gold pieces.

Inventory:

Hand weapons
 j - a +1,+2 dagger (weapon)
Armour
 a - a +0 robe (worn)
 l - a +0 cloak (worn)
Comestibles
 c - 2 bread rations
Scrolls
 e - a scroll of curse jewellery {unknown}
 g - a scroll of remove curse {unknown}
 h - a scroll of curse weapon {unknown}
 k - a scroll of random uselessness {unknown}
 m - a scroll of teleportation {unknown}
Potions
 d - a potion of invisibility {unknown}
Books
 b - a book of Necromancy

   Spells                             Type                      Level
   *Pain                              Necromancy                   1
   *Animate Skeleton                  Necromancy                   1
   Lethal Infusion                    Charms/Necromancy            2
   Vampiric Draining                  Necromancy                   3
   Regeneration                       Charms/Necromancy            3
   Animate Dead                       Necromancy                   4
   Control Undead                     Necromancy                   4


   Skills:
 - Level 2.0 Dodging
 - Level 2.0 Stealth
 + Level 1.6 Spellcasting
 + Level 4.4 Necromancy


You had 2 spell levels left.
You knew the following spells:

 Your Spells              Type           Power        Failure   Level  Hunger
a - Pain                  Necr           ##..         4%          1    ##.....
b - Animate Skeleton      Necr           N/A          4%          1    ##.....


Dungeon Overview and Level Annotations

Branches:
Dungeon (2/27)

Altars:


Message History

Aim: a gnoll, wielding a flail The gnoll convulses in agony!
The gnoll hits you with a flail!
The giant cockroach bites you but does no damage.
Unknown command.
Casting: Pain
Confirm with . or Enter, or press ? or * to list all spells.
Okay, then.
Your hobgoblin skeleton hits the gnoll.
What do you say? t - Shout!
Orders for allies: a - Attack new target. p - Attack previous target. r - Retreat! s - Stop attacking. w - Wait here. f - Follow me.
Anything else - Stay silent.
Gang up on whom?
Press: ? - help, Dir - move target cursor, f/p - gnoll
Aim: a gnoll, wielding a flail (heavily wounded) Attack!
The giant cockroach barely misses you. The gnoll hits you with a flail!
Ouch! That really hurt!
You die...

..#####.####......#.......#
..#.......................#
..........................#
.[..................####.##
....................# #.#
#######.##..........# #.#
..# #.............# #.#
#.#####.........%...# #.#
................@gz.# #.#
#.#####.........zs..####.#
#.# #..................#
#.# #......#.#.#########
#.# ###.##.#.#.#.# ..#
#....#.#.#.#.# #.#
#........#.#.# #.#
#>...#.....#.#
#.#####.##.....#.#


You could see a gnoll, a giant cockroach and 2 friendly hobgoblin skeletons.

Vanquished Creatures
  An ooze (D:1)
  3 bats (D:1)
  5 hobgoblins (D:1)
  A giant gecko (D:1)
  A goblin (D:1)
  2 kobolds (D:1)
  2 rats (D:1)
15 creatures vanquished.

Vanquished Creatures (collateral kills)
  2 kobolds (D:1)
2 creatures vanquished.

Vanquished Creatures (others)
  A giant gecko skeleton (D:1)
  A hobgoblin skeleton (D:1)
2 creatures vanquished.

Grand Total: 19 creatures vanquished

Notes
Turn   | Place    | Note
--------------------------------------------------------------
     0 | D:1      | MackTheKnife, the Human Necromancer, began the quest for the Orb.
     0 | D:1      | Reached XP level 1. HP: 13/13 MP: 3/3
   119 | D:1      | Learned a level 1 spell: Animate Skeleton
   434 | D:1      | Reached XP level 2. HP: 10/19 MP: 0/4
  1415 | D:1      | Mangled by a gnoll

Action                   || total
-------------------------++-------
Melee: Unarmed           ||    26
       Dagger            ||    23
 Cast: Pain              ||    20
       Animate Skeleton  ||     4
